 Dungeon Crawl Stone Soup version 0.29-a0-221-gceb61267dd (webtiles) character file.

Game seed: 11575743616410222771

310 sammy202020 the Skirmisher (level 6, 0/76 HPs)
             Began as a Palentonga Fighter on Feb 27, 2022.
             Was an Initiate of Dithmenos.
             Succumbed to a killer bee's poison
             ... on level 4 of the Dungeon.
             The game lasted 00:06:18 (3435 turns).

sammy202020 the Skirmisher (Palentonga Fighter)     Turns: 3435, Time: 00:06:18

Health: 0/76       AC: 23    Str: 27    XL:     6   Next: 17%
Magic:  5/5        EV:  1    Int:  7    God:    Dithmenos [......]
Gold:   166        SH:  4    Dex:  9    Spells: 5/5 levels left

rFire   . . .      SeeInvis +   a - +0 war axe (venom)
rCold   . . .      Faith    .   c - +0 buckler
rNeg    . . .      Spirit   .   (body armour currently unavailable)
rPois   +          Reflect  .   (helmet currently unavailable)
rElec   .          Harm     .   (cloak currently unavailable)
rCorr   .          Rampage  .   (gloves currently unavailable)
Will    .....      NoTele   +   (no barding)
Stlth   +.........              i - amulet of the acrobat
HPRegen 0.22/turn               m - +6 ring of strength
MPRegen 0.09/turn               (no ring)

@: mighty, lethally poisoned (0 -> -5), tree-form
A: stationary, stasis, torment immunity, boosted hp, large, rugged brown scales
3, see invisible, (deformed body), (roll 1), (armoured tail), (horns 1), dopey
1, low MP 1, (sturdy frame 1)
a: Renounce Religion


You were on level 4 of the Dungeon.
You worshipped Dithmenos.
Dithmenos was noncommittal.
You were a tree.
You visited 1 branch of the dungeon, and saw 4 of its levels.

You collected 166 gold pieces.

Inventory:

Hand Weapons
 a - a +0 war axe of venom (weapon)
Armour
 b - a +0 scale mail (melded)
 c - a +0 buckler (worn)
 p - a +0 chain mail
Jewellery
 i - an amulet of the acrobat (around neck)
 m - a +6 ring of strength (left branch)
Wands
 g - a wand of charming (4)
Scrolls
 e - a scroll of blinking
 n - a scroll of identify
 o - a scroll of immolation {unknown}
Potions
 h - a potion of lignification
 k - a potion of brilliance
 l - a potion of flight


   Skills:
 + Level 4.3 Fighting
 + Level 3.7 Axes
 + Level 3.5 Armour
 + Level 3.5 Shields


You had 5 spell levels left.
You didn't know any spells.
Your spell library contained the following spells:

 Spells                   Type           Power      Damage    Failure   Level
 Conjure Flame            Conj/Fire      0%         6-21      86%         3
 Ignite Poison            Fire/Tmut/Pois 0%         N/A       86%         3
 Sticky Flame             Conj/Fire      0%         2d3       99%         4


Dungeon Overview and Level Annotations

Branches:
Dungeon (4/15)
 Temple: D:4-7

Altars:
Dithmenos
Elyvilon
Ru
Sif Muna


Innate Abilities, Weirdness & Mutations

You are a tree.
Your roots penetrate the ground, keeping you stationary.
You cannot be teleported.
You are immune to unholy pain and torment.
Your maximum health is greatly increased.
Your equipment is partially melded.
(You are completely covered in rugged brown scales. (AC +3, +7% HP))
You have supernaturally acute eyesight. (SInv)
((Armour fits poorly on your strangely shaped body.))
((You can roll at nearby foes to attack.))
((You have a long armoured tail.))
((You have a pair of small horns on your head.))
You are dopey. (Int -2)
Your magical capacity is low. (-10% MP)
((Your movements are slightly less encumbered by armour. (ER -2)))


Message History

You barely miss the killer bee.
The killer bee is moderately wounded.
You feel very sick.
The killer bee stings you but does no damage.
The killer bee barely misses you.
The killer bee stings you but does no damage.
You miss the killer bee.
The killer bee is moderately wounded.
You feel sick. The killer bee stings you.
* * * LOW HITPOINT WARNING * * *
The killer bee stings you but does no damage.
The killer bee stings you!
* * * LOW HITPOINT WARNING * * *
You are lethally poisoned!
The killer bee poisons you!
Really quaff the potion of lignification? [Y]es or [N]o only, please.
Really quaff the potion of lignification? [Y]es or [N]o only, please.
Really quaff the potion of lignification? [Y]es or [N]o only, please.
Really quaff the potion of lignification?
You turn into a tree.
Your +0 scale mail melds into your body.
Your roots penetrate the ground.
* * * LOW HITPOINT WARNING * * *
You feel very sick.
The killer bee stings you but does no damage. x2
You miss the killer bee.
The killer bee is moderately wounded.
* * * LOW HITPOINT WARNING * * *
You feel sick.
The killer bee stings you but does no damage. x2
The killer bee stings you.
* * * LOW HITPOINT WARNING * * *
It was a potion of mutation.
You feel extremely strange.
You feel less energetic.
You feel stupid.
You feel less encumbered by your armour.
A pair of horns grows on your head!
You die...

#.# #.# #.#
#.# #.#
#.#########
#.........#
#######.###
#.# #.# #.#
#♣# #y# #y#
#y# #y# #.#
#.# #.#


You could see 4 killer bees.

Vanquished Creatures
  A killer bee (D:4)
  2 jellies
  2 orc priests (D:3)
  An orc wizard (D:3)
  8 adders
  3 dart slugs
  2 orcs (D:3)
  5 endoplasms
  2 giant cockroaches
  2 goblins
  4 hobgoblins
  A quokka (D:3)
  7 ball pythons
  3 bats
  2 frilled lizards (D:3)
  5 kobolds
  5 rats
55 creatures vanquished.

Notes
Turn   | Place    | Note
-------+----------+-------------------------------------------
     0 | D:1      | sammy202020 the Palentonga Fighter began the quest for the
                  | Orb.
     0 | D:1      | Reached XP level 1. HP: 19/19 MP: 1/1
   255 | D:1      | Reached XP level 2. HP: 19/25 MP: 2/2
   743 | D:1      | You fall into a shaft and drop 1 floor!
   947 | D:2      | Reached XP level 3. HP: 25/31 MP: 3/3
  1248 | D:2      | Found a white marble altar of Elyvilon.
  1936 | D:3      | Reached XP level 4. HP: 32/37 MP: 4/4
  2565 | D:3      | Found a sacrificial altar of Ru.
  2574 | D:3      | Reached XP level 5. HP: 44/44 MP: 5/5
  2588 | D:3      | Reached skill level 4 in Fighting
  2838 | D:3      | Found a shadowy altar of Dithmenos.
  2918 | D:3      | Became a worshipper of Dithmenos the Shadowed
  3282 | D:3      | Found a shimmering blue altar of Sif Muna.
  3399 | D:4      | Reached XP level 6. HP: 51/51 MP: 6/6
  3434 | D:4      | HP: 1/76 [killer bee (6)]
  3435 | D:4      | Gained mutation: Your magical capacity is low. (-10% MP)
                  | [potion of mutation]
  3435 | D:4      | Gained mutation: You are dopey. (Int -2) [potion of
                  | mutation]
  3435 | D:4      | Gained mutation: Your movements are slightly less
                  | encumbered by armour. (ER -2) [potion of mutation]
  3435 | D:4      | Gained mutation: You have a pair of small horns on your
                  | head. [potion of mutation]
  3435 | D:4      | Succumbed to a killer bee's poison

Illustrated notes

Levels and vault maps discovered:
D:1:      dpeg_arrival_castle, layout_basic
D:2:      wander_river, layout_loops_ring, basic_altar, roderic_lattice_a,
          kennysheep_generic_room_6
D:3:      layout_basic, lemuel_crystal_altar, nicolae_dithmenos_shadow_blocks,
          lemuel_blue_sif_altar
D:4:      minmay_evil_eye, layout_basic, minmay_temple_entry_stoned_glass,
          portal_sewer_entry_c, minmay_ruined_shrine

Skill      XL: |  1  2  3  4  5 |
---------------+----------------+-----
Armour         | 3 |  3.5
Shields        | 3 |  3.5
Axes           | 3 |  3.7
Fighting       | 4 |  4.3

Action                   |  1- 3 |  4- 6 || total
-------------------------+-------+-------++-------
Melee: War axe           |    77 |    89 ||   166
       Tailslap          |     7 |     6 ||    13
 Abil: Rolling Charge    |       |     1 ||     1
  Use: Scroll            |       |     8 ||     8
       Potion            |       |     4 ||     4
Armor: Scale mail        |    42 |    51 ||    93
       Skin              |       |     4 ||     4
Dodge: Dodged            |    35 |    36 ||    71
Block: Buckler           |    20 |    18 ||    38

Table legend: (Time is in decaauts)
 A = Elapsed time spent in this place.
 B = Non-inter-level travel time spent in this place.
 C = Inter-level travel time spent in this place.
 D = Time resting spent in this place.
 E = Time spent auto-exploring this place.
 F = Levels seen in this place.
 G = Mean time per level.
                   A        B        C        D        E       F      G
               +--------+--------+--------+--------+--------+-----+--------+
         Total |   3515 |   3437 |     78 |      0 |   2914 |   4 |  878.8 |
       Dungeon |   3515 |   3437 |     78 |      0 |   2914 |   4 |  878.8 |
               +--------+--------+--------+--------+--------+-----+--------+

Top non-repeatable levels by time:
     D:3: 1441 daAuts
     D:2: 1207 daAuts
     D:1: 756 daAuts
     D:4: 110 daAuts
